 Dungeon Crawl Stone Soup version 0.18.1-6-gd335043 (webtiles) character file.

2065 mopl the Covert (level 9, -4/63 HPs)
             Began as a Vampire Transmuter on May 17, 2016.
             Slain by an orc warrior
             ... wielding a +0 short sword
              (10 damage)
             ... on level 6 of the Dungeon.
             The game lasted 00:14:32 (11311 turns).

mopl the Covert (Vampire Transmuter)               Turns: 11311, Time: 00:14:33

Health: -4/63      AC:  4    Str: 13    XL:     9   Next: 5%
Magic:  12/12      EV: 14    Int: 18    God:
Gold:   451        SH:  0    Dex: 17    Spells: 2 memorised, 9 levels left

rFire  . . .     SeeInvis +     F - +5 falchion "Jelly's Demise" {flame, Fragile rC+ Int+2 SInv}
rCold  + + +     Gourm    .     b - +0 robe
rNeg   + + +     Faith    .     (no shield)
rPois  +         Spirit   .     (no helmet)
rElec  .         Dismiss  +     f - +0 cloak
rCorr  .         Reflect  .     A - +0 pair of gloves
SustAt .         Harm     .     (no boots)
MR     .....                    G - amulet of dismissal
Stlth  +++++++...               q - +4 ring of strength (curse)
                                E - ring of stealth

@: regenerating slowly, not resistant to hostile enchantments, extremely
stealthy
A: fangs 3, see invisible, unbreathing
a: Bat Form


You were on level 6 of the Dungeon.
You were near bloodless.

You visited 2 branches of the dungeon, and saw 9 of its levels.
You also visited: Ossuary.

You collected 451 gold pieces.

Inventory:

Hand Weapons
 a - a +1 dagger of venom
 F - the +5 falchion "Jelly's Demise" (weapon) {flame, Fragile rC+ Int+2 SInv}
   (You found it on level 5 of the Dungeon)

   It has been specially enchanted to burn those struck by it, causing extra
   injury to most foes and up to half again as much damage against particularly
   susceptible opponents.
   Big, fiery blades are also staple armaments of hydra-hunters.
   It affects your intelligence (+2).
   It protects you from cold.
   It lets you see invisible.
   It will be destroyed if unequipped.
Missiles
 k - 148 arrows
 w - 32 poisoned needles
 H - 8 javelins (quivered)
Armour
 b - a +0 robe (worn)
 f - a +0 cloak (worn)
 A - a +0 pair of gloves (worn)
Jewellery
 h - an uncursed ring of protection from cold
 q - a cursed +4 ring of strength (right hand)
 E - a ring of stealth (left hand)
 G - an amulet of dismissal (around neck)
Wands
 y - a wand of random effects (12/48)
 K - a wand of flame (29/48)
Scrolls
 e - 3 scrolls of teleportation
 g - 5 scrolls of immolation {!r}
 i - 3 scrolls of remove curse {unknown}
 l - 2 scrolls of amnesia {unknown}
 o - 4 scrolls of recharging {unknown}
 p - 4 scrolls of fog {unknown}
 r - a scroll of magic mapping {unknown}
 u - 6 scrolls of identify
 B - a scroll of blinking {unknown}
 C - a scroll of fear {unknown}
 D - a scroll of enchant weapon {unknown}
 I - a scroll of enchant armour {unknown}
Potions
 d - 11 potions of blood
 j - 4 potions of berserk rage {!q}
 n - 3 potions of agility
 s - 4 potions of heal wounds
 t - 2 potions of resistance
 v - 2 potions of haste
 x - 4 potions of curing
 z - a potion of brilliance
 J - a potion of ambrosia
Books
 c - a book of Changes

   Spells                             Type                      Level
   a - Beastly Appendage              Transmutation                1
   b - Sticks to Snakes               Transmutation                2
   c - Spider Form                    Transmutation/Poison         3
   d - Ice Form                       Ice/Transmutation            4
   e - Blade Hands                    Transmutation                5
 m - a book of Clouds

   Spells                             Type                      Level
   a - Mephitic Cloud                 Conjuration/Poison/Air       3
   b - Conjure Flame                  Conjuration/Fire             3
   c - Poisonous Cloud                Conjuration/Poison/Air       6
   d - Freezing Cloud                 Conjuration/Ice/Air          6
   e - Ring of Flames                 Charms/Fire                  7


   Skills:
 + Level 3.1 Fighting
 + Level 7.6 Short Blades
 + Level 4.2 Dodging
 * Level 12.2 Stealth
 - Level 3.2 Unarmed Combat
 - Level 2.0 Spellcasting
 - Level 2.1 Transmutations


You had 9 spell levels left.
You knew the following spells:

 Your Spells              Type           Power        Failure   Level  Hunger
a - Beastly Appendage     Trmt           #.....       10%         1    #......
w - Sticks to Snakes      Trmt           #.......     12%         2    ###....


Dungeon Overview and Level Annotations

Branches:
Dungeon (8/15)             Temple (1/1) D:6
   Lair: D:8-11

Altars:
Ashenzari
Cheibriados
Dithmenos
Elyvilon
Fedhas
Gozag
Makhleb
Nemelex Xobeh
Okawaru
Qazlal
Ru
Sif Muna
Vehumet
Xom
Zin
The Shining One
Lugonu


Innate Abilities, Weirdness & Mutations

You heal slowly.
You have razor-sharp teeth.
You have supernaturally acute eyesight.
You can survive without breathing.


Message History

Unknown command.
You closely miss the orc warrior.
You bite the orc warrior, but do no damage.
The orc warrior barely misses you.
You hit the orc warrior. You burn the orc warrior.
The orc warrior is lightly wounded.
The orc warrior hits you but does no damage.
You hit the orc warrior. You burn the orc warrior.
The orc warrior is moderately wounded.
The orc warrior hits you with a short sword.
You hit the orc warrior. You burn the orc warrior.
The orc warrior is heavily wounded.
The orc warrior hits you with a short sword!!
You are too injured to fight recklessly!
You hit the orc warrior. You burn the orc warrior.
The orc warrior is severely wounded.
The orc warrior hits you with a short sword!
* * * LOW HITPOINT WARNING * * *
The orc warrior hits you with a short sword!
You die...

#..(....#.#.# ##########
#.##.##.#.#.# ######........#
#.##.##.#.#.#
.......######.#######.##.##.#...#
.####### #.........##....#####
.## #..############...... ..#
#..# ####.## ..#
####..##############..#
.<########.....o@.............###
..#.........#..#########.....)...
.......###..#..# #......≈≈≈
#.####.###..#..### #....≈≈≈≈≈
#.####...........# #..≈≈≈≈≈≈≈
............#..#.### #.≈≈≈≈≈≈≈≈
..#######......#...#####.≈≈≈≈≈≈..
.......##....#####.......≈≈≈≈≈≈.>
.....<.....(...#...####..≈≈≈≈≈≈..


You could see an orc warrior.

Vanquished Creatures
  Grinder (D:4)
  2 ice beasts
  A sky beast (D:6)
  3 ogres
  A black bear (D:7)
  A necrophage (D:6)
  An elf zombie (Ossuary)
  A wyvern skeleton (D:6)
  A scorpion (D:4)
  2 crimson imps
  A quasit (D:7)
  2 human zombies (Ossuary)
  3 hounds
  A jelly (D:5)
  5 orc priests
  2 orc wizards (D:4)
  A centaur skeleton (D:5)
  Terence (D:2)
  3 iguanas
  3 worker ants
  A killer bee zombie (D:6)
  3 mummies (Ossuary)
  A gnoll (D:1)
  13 adders
  3 oozes (D:4)
  2 adder zombies (Ossuary)
  A worm (D:3)
  2 dart slugs (D:1)
  3 giant geckos
  19 orcs
  A giant cockroach (D:1)
  A gnoll zombie (Ossuary)
  8 goblins
  2 hobgoblins (D:1)
  8 jackals
  3 quokkas
  2 ball pythons
  5 bats
  A giant gecko skeleton (D:4)
  A giant gecko zombie (D:3)
  13 giant newts
  4 goblin zombies (Ossuary)
  4 hobgoblin zombies
  2 jackal zombies (D:5)
  3 kobolds
  3 kobold zombies (Ossuary)
  An orc zombie (Ossuary)
  A quokka zombie (Ossuary)
  8 rats
155 creatures vanquished.

Vanquished Creatures (others)
  A hobgoblin (D:3)
  A kobold (D:3)
2 creatures vanquished.

Grand Total: 157 creatures vanquished

Notes
Turn   | Place    | Note
--------------------------------------------------------------
     0 | D:1      | mopl the Vampire Transmuter began the quest for the Orb.
     0 | D:1      | Reached XP level 1. HP: 14/14 MP: 3/3
    37 | D:1      | Reached skill level 1 in Stealth
    60 | D:1      | Reached skill level 2 in Stealth
   371 | D:1      | Reached skill level 3 in Stealth
   371 | D:1      | Reached XP level 2. HP: 17/20 MP: 5/5
   375 | D:1      | Learned a level 2 spell: Sticks to Snakes
   679 | D:1      | Reached skill level 4 in Stealth
   679 | D:1      | Reached XP level 3. HP: 19/25 MP: 6/6
   763 | D:1      | Reached skill level 1 in Short Blades
  1207 | D:2      | Noticed Terence
  1223 | D:2      | Killed Terence
  1223 | D:2      | Reached XP level 4. HP: 23/31 MP: 7/7
  1269 | D:2      | Reached skill level 2 in Short Blades
  1621 | D:2      | Reached skill level 5 in Stealth
  1910 | D:3      | Found a radiant altar of Vehumet.
  1912 | D:3      | Noticed an ice beast
  1982 | D:3      | Found an iron altar of Okawaru.
  2019 | D:3      | Killed an ice beast
  2019 | D:3      | Reached skill level 3 in Short Blades
  2019 | D:3      | Reached skill level 6 in Stealth
  2019 | D:3      | Reached XP level 5. HP: 10/36 MP: 8/8
  2473 | D:3      | Found a shattered altar of Ashenzari.
  2764 | D:4      | Found a stormy altar of Qazlal.
  2866 | D:3      | Reached skill level 4 in Short Blades
  3128 | D:4      | Reached XP level 6. HP: 40/42 MP: 9/9
  3201 | D:4      | Reached skill level 7 in Stealth
  3371 | D:4      | Found a sacrificial altar of Ru.
  3371 | D:4      | Found an opulent altar of Gozag.
  3372 | D:4      | Found a deep blue altar of Sif Muna.
  3392 | D:4      | Found a glowing golden altar of the Shining One.
  3393 | D:4      | Found a shadowy altar of Dithmenos.
  3814 | D:4      | Reached skill level 5 in Short Blades
  4375 | D:4      | Reached skill level 8 in Stealth
  4517 | D:5      | Entered Level 5 of the Dungeon
  4550 | D:5      | Reached XP level 7. HP: 26/47 MP: 10/10
  4613 | D:5      | Found a sand-covered staircase.
  4638 | Ossuary  | Entered an ossuary
  6236 | Ossuary  | Reached skill level 9 in Stealth
  7009 | D:5      | Reached skill level 6 in Short Blades
  7124 | D:5      | Reached skill level 10 in Stealth
  7290 | D:5      | Reached skill level 1 in Fighting
  7427 | D:5      | Reached XP level 8. HP: 54/54 MP: 11/11
  7460 | D:5      | Got a steaming falchion
  7461 | D:5      | Identified the +5 falchion "Jelly's Demise" {flame, Fragile rC+ Int+2 SInv} (You found it on level 5 of the Dungeon)
  7498 | D:5      | Noticed Grinder
  7971 | D:4      | Paralysed by Grinder for 4 turns
  7985 | D:4      | Killed Grinder
  7985 | D:4      | Reached skill level 7 in Short Blades
  7985 | D:4      | Reached skill level 3 in Dodging
  9204 | D:4      | Reached skill level 2 in Fighting
  9266 | D:5      | Reached skill level 11 in Stealth
  9420 | D:6      | Found a staircase to the Ecumenical Temple.
  9429 | Temple   | Entered the Ecumenical Temple
  9643 | D:6      | You fall through a shaft for 2 floors!
  9675 | D:7      | Found a snail-covered altar of Cheibriados.
 10253 | D:7      | Found a white marble altar of Elyvilon.
 10346 | D:6      | Reached skill level 4 in Dodging
 11005 | D:6      | Reached skill level 12 in Stealth
 11012 | D:6      | Reached skill level 3 in Fighting
 11104 | D:6      | Reached XP level 9. HP: 63/63 MP: 12/12
 11311 | D:6      | Slain by an orc warrior

Skill      XL: |  1  2  3  4  5  6  7  8 |
---------------+-------------------------+-----
Stealth        | 3 4 6 8 10 12 | 12.2
Short Blades   | 1 3 4 5 6 7 |  7.6
Fighting       | 1 3 |  3.1
Dodging        | 4 |  4.2
Unarmed Combat | |  3.2
Spellcasting   | |  2.0
Transmutations | |  2.1

Action                   |  1- 3 |  4- 6 |  7- 9 || total
-------------------------+-------+-------+-------++-------
Melee: Spear             |    49 |       |       ||    49
       Bite              |    11 |    18 |    35 ||    64
       Unarmed           |     1 |       |       ||     1
       Dagger            |    51 |   183 |   207 ||   441
       Punch             |       |     5 |     3 ||     8
       Falchion          |       |       |   151 ||   151
Evoke: Wand              |       |       |    12 ||    12
  Use: Potion            |       |     2 |     8 ||    10
       Scroll            |       |       |    10 ||    10
 Stab: Sleeping          |     7 |    11 |    16 ||    34
       Distracted        |       |     1 |     1 ||     2
       Confused          |       |       |     1 ||     1
       Paralysed         |       |       |     1 ||     1
Armor: Robe              |    21 |    24 |    41 ||    86
Dodge: Dodged            |    49 |    99 |   209 ||   357
